 Dungeon Crawl Stone Soup version 0.28-a0-1038-g9c4cb8273d (webtiles) character file.

Game seed: 10213066030800657697

2265 mvrnfkv the Covert (level 9, -14/40 HPs)
             Began as a Spriggan Enchanter on Dec 8, 2021.
             Demolished by an orc warrior (17 damage)
             ... in a bailey.
             The game lasted 00:16:10 (8640 turns).

mvrnfkv the Covert (Spriggan Enchanter)             Turns: 8640, Time: 00:16:11

Health: -14/40     AC: 13    Str: 16    XL:     9   Next: 16%
Magic:  8/23       EV: 17    Int: 21    God:
Gold:   921        SH:  0    Dex: 13    Spells: 18/26 levels left

rFire   . . .      SeeInvis +   k - +2 dagger (venom)
rCold   . . .      Faith    .   (shield restricted)
rNeg    . . .      Spirit   .   l - +5 robe of Ynenis {Rampage Int+4}
rPois   .          Reflect  .   (helmet restricted)
rElec   .          Harm     .   p - +1 cloak
rCorr   .          Rampage  +   (gloves unavailable)
Will    +....                   (boots unavailable)
Stlth   ++++......              (no amulet)
HPRegen 0.13/turn               o - +6 ring of strength
MPRegen 0.18/turn               i - +4 ring of protection

@: about to teleport, flying, very quick
A: very small, no large weapons, unfitting armour, see invisible, speed 3,
clumsy 1, strong 1
a: no special abilities


You were in a bailey.
You visited 1 branch of the dungeon, and saw 7 of its levels.
You also visited: Bailey.

You collected 921 gold pieces.

Inventory:

Hand Weapons
 a - a +1 dagger
 k - a +2 dagger of venom (weapon)
Missiles
 g - 7 curare-tipped darts (quivered)
 q - 11 poisoned darts
Armour
 l - the +5 robe of Ynenis (worn) {Rampage Int+4}
   (You found it on level 6 of the Dungeon)

   Int:       It affects your intelligence (+4).
   Rampage:   It bestows one free step when moving towards enemies.
 p - a +1 cloak (worn)
Jewellery
 e - a ring of fire
 f - a ring of positive energy
 i - a +4 ring of protection (right hand)
 o - a +6 ring of strength (left hand)
Wands
 c - a wand of paralysis (3)
 m - a wand of flame (22)
 r - a wand of iceblast (11)
Scrolls
 d - 3 scrolls of teleportation
 h - a scroll of fog
 n - 2 scrolls of identify
Potions
 b - a potion of berserk rage
 j - a potion of flight


   Skills:
 + Level 0.7 Fighting
 + Level 1.6 Short Blades
 + Level 3.1 Dodging
 + Level 10.3 Stealth
 + Level 9.2 Spellcasting
 + Level 9.5 Hexes


You had 18 spell levels left.
You knew the following spells:

 Your Spells              Type           Power      Damage    Failure   Level
a - Ensorcelled Hibernat  Hex/Ice        58%        N/A       1%          2
b - Tukima's Dance        Hex            49%        N/A       1%          3
c - Dazzling Flash        Conj/Hex       58%        N/A       3%          3

Your spell library contained the following spells:

 Spells                   Type           Power      Damage    Failure   Level
 Confusing Touch          Hex            49%        N/A       1%          3
 Cause Fear               Hex            24%        N/A       1%          4
 Inner Flame              Hex/Fire       29%        N/A       3%          3
 Animate Skeleton         Necr           18%        N/A       7%          1
 Pain                     Necr           36%        1d5       7%          1
 Corpse Rot               Necr/Air       18%        N/A       11%         2
 Poisonous Vapours        Pois/Air       18%        N/A       11%         2
 Vampiric Draining        Necr           9%         2d6       22%         3
 Discord                  Hex            24%        N/A       100%        8


Dungeon Overview and Level Annotations

Branches:
Dungeon (7/15)             Bailey (1/1)
 Temple: D:4-7

Altars:
Ashenzari
Nemelex Xobeh
Sif Muna
Uskayaw
Wu Jian
Xom
Yredelemnul


Innate Abilities, Weirdness & Mutations

You are very small and have problems with some larger weapons.
You are too small for most types of armour.
You have supernaturally acute eyesight. (SInv)
You cover ground extremely quickly. (Speed+++)
You are clumsy. (Dex -2)
Your muscles are strong. (Str +2)


Message History

Press: ? - help, Shift-Dir - straight line, f - orc warrior, p - orc warrior
Aim: an orc warrior, wielding a +0 arbalest, wearing a +0 ring mail and quivering bolts (strong, chance to affect: 72%)
The orc warrior struggles to resist.
Unknown command.
Unknown command.
Casting: Tukima's Dance (safe; 1% risk of failure)
Confirm with . or Enter, or press ? or * to list all spells.
Aiming: Tukima's Dance (safe; 1% risk of failure)
Press: ? - help, Shift-Dir - straight line, f - orc, p - orc warrior
Aim: an orc, wielding a +0 spear and wearing a +0 ring mail (strong, chance to affect: 85%)
The +0 spear dances into the air!
The orc warrior shoots a bolt.
The bolt closely misses you.
Your +0 halberd closely misses the orc warrior.
Unknown command.
Unknown command.
Aiming: Iceblast
Press: ? - help, Shift-Dir - straight line, p - orc The mass of ice explodes!
The iceblast engulfs the orc warrior!
The orc warrior is moderately wounded.
The iceblast engulfs the orc warrior!
The orc warrior is moderately wounded.
You hear a shout!
The orc knight closely misses your +0 spear.
The orc warrior shoots a bolt.
The bolt hits you. The orc barely misses you. The orc warrior hits you!
* * * LOW HITPOINT WARNING * * *
Your +0 halberd hits the orc warrior.
Unknown command.
Unknown command.
Unknown command.
Okay, then.
Unknown command.
As you read the scroll of teleportation, it crumbles to dust.
You feel strangely unstable.
The orc knight hits your +0 spear with a +0 halberd!!
Your +0 spear falls from the air.
You hear a splash.
The orc warrior shoots a bolt.
The bolt barely misses you. The orc misses you. The orc warrior hits you!
You die...

#### ##∩## ####
....##...##....
≈≈≈..#...#..≈≈≈
≈.≈≈.......≈≈o≈
o(......(≈o
..o..o. #oo.#
#.@.# ##∩## ###


You could see 3 orc knights, 2 orc warriors, 2 orcs and 2 friendly dancing
weapons.

Vanquished Creatures
  Pikel (D:6)
  A steam dragon (D:6)
  A water moccasin (D:5)
  A sky beast (D:6)
  2 ice beasts
  2 ogres
  A necrophage (D:5)
  A centaur (D:6)
  A kobold brigand (D:4)
  A lemure (D:6)
  3 orc priests (D:4)
  6 hounds
  A bullfrog skeleton (D:7)
  A gnoll shaman (D:4)
  2 iguanas (D:5)
  Jessica (D:3)
  Terence (D:2)
  4 orc wizards
  10 gnolls
  10 adders
  A shadow imp (D:6)
  A white imp (D:7)
  An adder skeleton (D:5)
  A worm (D:3)
  2 dart slugs
  19 orcs
  9 endoplasms
  5 giant cockroaches
  9 goblins
  11 hobgoblins
  3 jackals
  8 quokkas
  8 ball pythons
  A bat (D:3)
  A frilled lizard (D:1)
  5 kobolds
  5 rats
141 creatures vanquished.

Vanquished Creatures (collateral kills)
  5 gnolls
5 creatures vanquished.

Vanquished Creatures (others)
  4 dancing weapons
4 creatures vanquished.

Grand Total: 150 creatures vanquished

Notes
Turn   | Place    | Note
-------+----------+-------------------------------------------
     0 | D:1      | mvrnfkv the Spriggan Enchanter began the quest for the Orb.
     0 | D:1      | Reached XP level 1. HP: 9/9 MP: 5/5
   202 | D:1      | Reached XP level 2. HP: 13/13 MP: 7/7
   205 | D:1      | Learned a level 2 spell: Ensorcelled Hibernation
   761 | D:1      | Gained mutation: You occasionally shout uncontrollably at
                  | your foes. [potion of mutation]
   872 | D:1      | Found a faded altar of an unknown god.
  1296 | D:2      | Reached XP level 3. HP: 12/16 MP: 6/9
  1300 | D:2      | Learned a level 3 spell: Tukima's Dance
  1304 | D:2      | Learned a level 3 spell: Dazzling Flash
  1805 | D:2      | Reached XP level 4. HP: 14/21 MP: 8/11
  2307 | D:2      | Noticed Terence
  2313 | D:2      | Killed Terence
  2314 | D:2      | Reached skill level 5 in Hexes
  3305 | D:3      | Reached XP level 5. HP: 24/24 MP: 0/13
  3418 | D:3      | Found an ornate altar of the Wu Jian Council.
  3467 | D:3      | Reached skill level 5 in Spellcasting
  3537 | D:3      | Noticed Jessica
  3544 | D:3      | Killed Jessica
  4196 | D:4      | Reached XP level 6. HP: 28/28 MP: 6/15
  4241 | D:3      | Reached skill level 5 in Stealth
  4453 | D:4      | Reached XP level 7. HP: 18/32 MP: 13/17
  4494 | D:4      | Reached skill level 6 in Stealth
  5486 | D:4      | Reached skill level 7 in Stealth
  5663 | D:4      | Lost mutation: You occasionally shout uncontrollably at
                  | your foes. [potion of mutation]
  5663 | D:4      | Gained mutation: You are clumsy. (Dex -2) [potion of
                  | mutation]
  5663 | D:4      | Gained mutation: Your muscles are strong. (Str +2) [potion
                  | of mutation]
  5839 | D:5      | Entered Level 5 of the Dungeon
  6063 | D:5      | HP: 1/32 [ice beast (9)]
  6627 | D:5      | Reached XP level 8. HP: 36/36 MP: 18/20
  6692 | D:5      | Reached skill level 8 in Stealth
  6891 | D:5      | Found a shimmering blue altar of Sif Muna.
  6976 | D:5      | Found a hide-covered altar of Uskayaw.
  7029 | D:5      | Found a basalt altar of Yredelemnul.
  7534 | D:6      | Found a sparkling altar of Nemelex Xobeh.
  7565 | D:6      | Noticed Pikel
  7589 | D:6      | Killed Pikel
  7590 | D:6      | Reached skill level 9 in Stealth
  7766 | D:6      | Identified the +5 robe of Ynenis {Rampage Int+4}
  7870 | D:6      | Found a broken altar of Ashenzari.
  8194 | D:6      | Reached skill level 10 in Stealth
  8194 | D:6      | Reached XP level 9. HP: 39/39 MP: 23/23
  8457 | D:7      | Found a shimmering altar of Xom.
  8514 | D:7      | Identified a scroll of acquirement
  8514 | D:7      | Acquired 627 gold pieces
  8587 | D:7      | Found a flagged portal.
  8631 | Bailey   | Entered a bailey
  8631 | Bailey   | Noticed an orc knight
  8634 | Bailey   | Noticed an orc knight
  8634 | Bailey   | Noticed an orc knight
  8640 | Bailey   | Demolished by an orc warrior

Illustrated notes

Levels and vault maps discovered:
D:1:      dpeg_arrival_prison, layout_loops_ring,
          shapermc_ecumenical_altar_hornbeckon, minmay_tromino_i2
D:2:      layout_loops_cross, uniq_terence
D:3:      layout_loops_ring, mainiacjoe_overflow_tiny_flanked,
          kennysheep_jessica_study
D:4:      layout_basic
D:5:      nicolae_cairo_tiling_very_big, layout_basic,
          mainiacjoe_overflow_paths, mainiacjoe_overflow_catch_the_wave,
          chequers_serial_rivers_small_a
D:6:      layout_loops_ring, nemelex_xobeh_ov_fountains_minmay,
          nicolae_ashenzari_panopticon, uniq_pikel
D:7:      nicolae_cairo_tiling, layout_cave_pools, xom_teletrap_fun,
          lemuel_doored_altar, trog_butcher_becter, enter_bailey_5,
          gammafunk_ghost_smash, minivault_22
Bailey:   bailey_polearm_4, bailey

Skill      XL: |  1  2  3  4  5  6  7  8  9 |
---------------+----------------------------+-----
Spellcasting   | 3 4 5 6 7 9 |  9.2
Hexes          | 4 5 6 8 9 |  9.5
Stealth        | 5 7 10 | 10.3
Dodging        | 3 |  3.1
Fighting       | |  0.7
Short Blades   | |  1.6

Action                   |  1- 3 |  4- 6 |  7- 9 || total
-------------------------+-------+-------+-------++-------
Melee: Dagger            |    92 |   162 |   242 ||   496
Throw: Dart              |       |     1 |       ||     1
 Cast: Ensorcelled Hiber |    10 |    19 |    23 ||    52
       Tukima's Dance    |       |    17 |     5 ||    22
       Dazzling Flash    |       |       |     2 ||     2
Evoke: Wand              |       |       |     2 ||     2
  Use: Scroll            |     2 |     8 |     7 ||    17
       Potion            |     1 |       |     6 ||     7
 Stab: Sleeping          |    18 |    18 |    18 ||    54
       Distracted        |     1 |       |     2 ||     3
       Invisible         |       |       |     6 ||     6
Armor: Robe              |     6 |    31 |    75 ||   112
Dodge: Dodged            |    57 |   127 |   182 ||   366

Table legend: (Time is in decaauts)
 A = Elapsed time spent in this place.
 B = Non-inter-level travel time spent in this place.
 C = Inter-level travel time spent in this place.
 D = Time resting spent in this place.
 E = Time spent auto-exploring this place.
 F = Levels seen in this place.
 G = Mean time per level.
                   A        B        C        D        E       F      G
               +--------+--------+--------+--------+--------+-----+--------+
         Total |   6899 |   6812 |     87 |   1089 |   4460 |   8 |  862.4 |
       Dungeon |   6890 |   6803 |     87 |   1089 |   4460 |   7 |  984.3 |
        Bailey |      8 |      8 |      0 |      0 |      0 |   1 |    8.0 |
               +--------+--------+--------+--------+--------+-----+--------+

Top non-repeatable levels by time:
     D:2: 1632 daAuts
     D:5: 1374 daAuts
     D:4: 1202 daAuts
     D:1: 976 daAuts
     D:3: 893 daAuts
     D:6: 665 daAuts
     D:7: 147 daAuts
  Bailey: 8 daAuts
